 Dungeon Crawl Stone Soup version 0.24-a0-7-g1bb0902 (webtiles) character file.

Game seed: 17948330434486168337

3101 trore the Grappler (level 9, -4/92 HPs)
             Began as a Troll Hunter on Jan 30, 2019.
             Was a Believer of Okawaru.
             Slain by a two-headed ogre
             ... wielding a +0 giant club
              (8 damage)
             ... on level 8 of the Dungeon.
             The game lasted 00:12:53 (6233 turns).

trore the Grappler (Troll Hunter)                   Turns: 6233, Time: 00:12:53

Health: -4/92      AC:  6    Str: 22      XL:     9   Next: 59%
Magic:  8/8        EV: 10    Int: 10      God:    Okawaru [**....]
Gold:   432        SH:  0    Dex:  9 (10) Spells: 8/8 levels left

rFire    . . .     SeeInvis +     - Unarmed
rCold    . . .     Gourm    +   (no shield)
rNeg     . . .     Faith    .   b - +0 robe
rPois    .         Spirit   .   (helmet restricted)
rElec    .         Reflect  .   (no cloak)
rCorr    .         Harm     .   (gloves unavailable)
MR       +....                  (boots unavailable)
Stlth    +.........             n - amulet of rage
HPRegen  0.65/turn              t - ring of protection from magic
MPRegen  0.11/turn              s - ring of see invisible

@: no status effects
A: large, unfitting armour, claws 3, fast metabolism 3, gourmand, regeneration
1, shaggy fur 1, tough skin 3
a: Heroism, Renounce Religion, Evoke Berserk Rage


You were on level 8 of the Dungeon.
You worshipped Okawaru.
Okawaru was pleased with you.
You were completely stuffed.

You visited 2 branches of the dungeon, and saw 9 of its levels.
You also visited: Sewer.

You collected 432 gold pieces.

Inventory:

Missiles
 c - 5 large rocks (quivered)
Armour
 b - a +0 robe (worn)
Jewellery
 n - an amulet of rage (around neck)
 s - a ring of see invisible (right claw)
 t - a ring of protection from magic (left claw)
 w - an uncursed ring of magical power
 y - an uncursed ring of protection from fire
 B - the ring "Romnei" {rF++ rN+ MR+, unknown}
   (You found it on level 6 of the Dungeon)

   [ring of positive energy]

   It greatly protects you from fire.
   It protects you from negative energy.
   It affects your resistance to hostile enchantments.
Wands
 A - a wand of disintegration (16)
 E - a wand of digging (7)
Scrolls
 d - a scroll of blinking {unknown}
 e - 5 scrolls of magic mapping {unknown}
 j - a scroll of remove curse {unknown}
 l - 8 scrolls of identify {unknown}
 m - 4 scrolls of teleportation {unknown}
 o - a scroll of fog {unknown}
 r - 4 scrolls of enchant armour {unknown}
 u - a scroll of fear {unknown}
 v - a scroll of immolation {unknown}
 z - a scroll of brand weapon {unknown}
 C - 2 scrolls of random uselessness {unknown}
Potions
 a - 3 potions of curing
 g - 2 potions of lignification {unknown}
 h - 5 potions of brilliance {unknown}
 i - 3 potions of flight {unknown}
 k - a potion of experience {unknown}
 p - 2 potions of haste {unknown}
 q - 2 potions of heal wounds {unknown}
 x - a potion of berserk rage {unknown}
 F - a potion of degeneration {unknown}
Comestibles
 f - 19 rations


   Skills:
 + Level 6.8 Fighting
 - Level 4.0 Throwing
 - Level 1.6 Dodging
 - Level 0.5 Stealth
 - Level 10.6 Unarmed Combat


You had 8 spell levels left.
You didn't know any spells.
Your spell library contained the following spells:

 Spells                   Type           Power        Failure   Level  Hunger
 Beastly Appendage        Tmut           #.....       36%         1    ##.....
 Magic Dart               Conj           #...         36%         1    ##.....
 Blink                    Tloc           N/A          50%         2    ###....
 Call Imp                 Summ           #.......     50%         2    ###....
 Slow                     Hex            #.......     50%         2    ###....
 Sticks to Snakes         Tmut           #.......     50%         2    ###....
 Conjure Flame            Conj/Fire      #.......     75%         3    ####...
 Mephitic Cloud           Conj/Pois/Air  #.......     75%         3    ####...
 Spider Form              Tmut/Pois      #.........   75%         3    ####...
 Ice Form                 Ice/Tmut       #.......     98%         4    #####..
 Blade Hands              Tmut           #.........   100%        5    ######.


Dungeon Overview and Level Annotations

Branches:
Dungeon (8/15)             Temple (1/1) D:5
   Lair: D:8-11

Altars:
Ashenzari
Cheibriados
Elyvilon
Gozag
Hepliaklqana
Kikubaaqudgha
Makhleb
Nemelex Xobeh
Okawaru
Qazlal
Ru
Sif Muna
Trog
Uskayaw
Vehumet
Wu Jian
Xom
Yredelemnul
Zin
The Shining One

Shops:
D:4 :


Innate Abilities, Weirdness & Mutations

You are too large for most types of armour.
You have claws for hands.
Your metabolism is lightning-fast.
You like to eat raw meat.
Your natural rate of healing is unusually fast.
You are covered in fur. (AC +1)
You have extremely tough skin. (AC +3)


Message History

The two-headed ogre hits you with a +0 giant club.
You claw the two-headed ogre!
The two-headed ogre is moderately wounded.
You scratch the two-headed ogre but do no damage.
The two-headed ogre is moderately wounded.
The two-headed ogre barely misses you.
The two-headed ogre hits you with a +0 giant club!
You claw the two-headed ogre! x2
The two-headed ogre is severely wounded.
The two-headed ogre hits you with a +0 giant club!!
* * * LOW HITPOINT WARNING * * *
The two-headed ogre hits you with a +0 giant club!!
* * * LOW HITPOINT WARNING * * *
You barely miss the two-headed ogre.
The two-headed ogre is severely wounded.
All of the chunks of flesh in your inventory have rotted away.
You closely miss the two-headed ogre.
The two-headed ogre is severely wounded.
The two-headed ogre hits you with a +0 giant club!
You die...

...........
..........
...........
........
......
#...#
#O..###
#@....#
#.....#
#.>...#
#.....#
+...<.#
#.)...#
#.....#
#######


You could see a two-headed ogre.

Vanquished Creatures
  A spriggan (D:7)
  Menkaure (D:5)
  A water moccasin (D:7)
  Duvessa (D:5)
  2 black bears (D:7)
  Purgy (Sewer)
  2 phantoms
  5 ogres
  5 centaurs
  A big kobold (D:5)
  3 bullfrogs
  Dowan (D:5)
  A water moccasin skeleton (D:5)
  2 howler monkeys (D:7)
  A crimson imp (D:5)
  A quasit (D:7)
  3 hounds
  2 jellies (D:5)
  A centaur skeleton (D:5)
  Natasha (twice) (D:3)
  2 iguanas
  6 orc wizards
  7 worker ants
  A hound zombie (D:6)
  A hound skeleton (D:6)
  7 adders
  2 shadow imps
  2 adder zombies
  A worm (D:6)
  3 leopard geckos
  26 orcs
  7 giant cockroaches
  3 goblins
  2 hobgoblins
  14 jackals
  5 kobolds
  3 quokkas
  6 ball pythons
  7 bats
  15 frilled lizards
  A giant cockroach zombie (D:5)
  A jackal skeleton (D:4)
  A jackal zombie (D:7)
  A quokka skeleton (D:4)
  14 rats
175 creatures vanquished.

Notes
Turn   | Place    | Note
-------+----------+-------------------------------------------
     0 | D:1      | trore the Troll Hunter began the quest for the Orb.
     0 | D:1      | Reached XP level 1. HP: 19/19 MP: 0/0
   346 | D:1      | Reached XP level 2. HP: 27/27 MP: 1/1
   733 | D:2      | Reached skill level 1 in Unarmed Combat
   977 | D:2      | Reached XP level 3. HP: 33/33 MP: 2/2
  1168 | D:2      | Reached skill level 2 in Unarmed Combat
  1789 | D:3      | Reached skill level 3 in Unarmed Combat
  1789 | D:3      | Reached XP level 4. HP: 35/41 MP: 3/3
  1878 | D:3      | Found a glowing drain.
  1883 | Sewer    | Entered a sewer
  2000 | Sewer    | Noticed Purgy
  2022 | Sewer    | Killed Purgy
  2022 | Sewer    | Reached skill level 4 in Unarmed Combat
  2022 | Sewer    | Reached XP level 5. HP: 14/48 MP: 4/4
  2378 | D:3      | Noticed Natasha
  2385 | D:3      | Killed Natasha
  2385 | D:3      | Reached skill level 5 in Unarmed Combat
  2569 | D:3      | Noticed Natasha
  2583 | D:3      | Killed Natasha
  2645 | D:4      | Noticed a phantom
  2661 | D:4      | Killed a phantom
  2661 | D:4      | Reached skill level 6 in Unarmed Combat
  2661 | D:4      | Reached XP level 6. HP: 29/55 MP: 5/5
  2914 | D:4      | Reached skill level 7 in Unarmed Combat
  2914 | D:4      | Reached XP level 7. HP: 39/62 MP: 6/6
  2975 | D:4      | Found an opulent altar of Gozag.
  3096 | D:4      | Found a white marble altar of Elyvilon.
  3454 | D:4      | Found Teeck's Book Shop.
  3474 | D:5      | Entered Level 5 of the Dungeon
  3544 | D:5      | Found an opulent altar of Gozag.
  3551 | D:5      | Noticed Menkaure
  3571 | D:5      | Killed Menkaure
  3571 | D:5      | Reached skill level 8 in Unarmed Combat
  3737 | D:5      | Reached skill level 9 in Unarmed Combat
  3737 | D:5      | Reached XP level 8. HP: 47/70 MP: 7/7
  3814 | D:5      | Found a staircase to the Ecumenical Temple.
  3826 | Temple   | Entered the Ecumenical Temple
  3846 | Temple   | Became a worshipper of Warmaster Okawaru
  4143 | D:5      | Reached skill level 10 in Unarmed Combat
  4163 | D:5      | Noticed Dowan
  4169 | D:5      | Killed Dowan
  4178 | D:5      | Noticed Duvessa
  4189 | D:5      | Killed Duvessa
  4288 | D:5      | Found a burning altar of Makhleb.
  4516 | D:6      | Reached * piety under Okawaru
  4770 | D:6      | Reached XP level 9. HP: 83/84 MP: 8/8
  4775 | D:5      | Found a glowing golden altar of the Shining One.
  4775 | D:5      | Found a hide-covered altar of Uskayaw.
  4775 | D:5      | Found a deep blue altar of Sif Muna.
  4775 | D:5      | Found a sacrificial altar of Ru.
  4783 | D:5      | Found an ancient bone altar of Kikubaaqudgha.
  5013 | D:6      | Got a bound golden ring
  5413 | D:7      | Reached skill level 5 in Fighting
  5464 | D:7      | Reached ** piety under Okawaru
  5943 | D:7      | Found a glowing silver altar of Zin.
  6222 | D:8      | Noticed a two-headed ogre
  6231 | D:8      | HP: 3/92 [two-headed ogre/+0 giant club (20)]
  6233 | D:8      | Slain by a two-headed ogre

Vault maps used:
D:1:      dpeg_arrival_renting, minmay_misc_feat_iff
D:2:      chequers_serial_rivers_micro_b, minmay_lizard_pond
D:3:      portal_sewer_entry_e, uniq_natasha
D:4:      grunt_gozag_breadcrumbs, kennysheep_mini, serial_glass,
          glass_columns_a, glass_columns_a, serial_shops, shop
D:5:      nicolae_overflow_hidden_temple, minmay_temple_entry_drinking_statues,
          first_ration, hangedman_feature_mirror, uniq_duvessa, uniq_menkaure
D:7:      basic_altar, the_bakery
D:8:      lemuel_doored_altar, serial_shops, shop, serial_ice, serial_ice_k,
          serial_ice_m, serial_ice_g, serial_ice_c, serial_ice_h, serial_ice_o,
          uniq_maurice
Temple:   dshaligram_water_room_temple
Sewer:    sewer_co_purgy_island

Skill      XL: |  1  2  3  4  5  6  7  8  9 |
---------------+----------------------------+-----
Throwing       | 4 |  4.0
Unarmed Combat | 1 3 4 6 7 9 10 | 10.6
Fighting       | 3 6 |  6.8
Dodging        | |  1.6
Stealth        | |  0.5

Action                   |  1- 3 |  4- 6 |  7- 9 || total
-------------------------+-------+-------+-------++-------
Melee: Unarmed           |   126 |   137 |   282 ||   545
       Punch             |       |     3 |    12 ||    15
  Use: Potion            |       |     1 |       ||     1
  Eat: Chunk             |    21 |    12 |    30 ||    63
Armor: Robe              |    62 |   101 |    81 ||   244
Dodge: Dodged            |    73 |   135 |   134 ||   342

Table legend:
 A = Non-vault XP
 B = Vault XP
 C = Vault XP percentage of total XP
 D = Non-vault monster count
 E = Vault monster count
 F = Vault count percentage of total count
                 A         B        C        D         E       F
            +---------+---------+-------+---------+---------+-------
      Total |    3338 |    1093 |  24.7 |     150 |      25 |  14.3
            +---------+---------+-------+---------+---------+-------
        D:1 |      13 |       0 |   0.0 |      12 |       0 |   0.0
        D:2 |      51 |       7 |  12.1 |      23 |       7 |  23.3
        D:3 |      82 |      36 |  30.5 |      20 |       1 |   4.8
        D:4 |     551 |       0 |   0.0 |      26 |       0 |   0.0
        D:5 |     795 |     655 |  45.2 |      27 |       7 |  20.6
        D:6 |     867 |       0 |   0.0 |      24 |       0 |   0.0
        D:7 |     979 |     220 |  18.3 |      18 |       1 |   5.3
      Sewer |       0 |     175 | 100.0 |       0 |       9 | 100.0
            +---------+---------+-------+---------+---------+-------
